 Dungeon Crawl Stone Soup version 0.31-a0-702-gf82c85558f (webtiles) character file.

Game seed: 6413381836647770939

12677 qw the Marksgargoyle (level 11, -5/72 HPs)
             Began as a Gargoyle Hunter on Sept 8, 2023.
             Was a Priest of Okawaru.
             Slain by a skeletal warrior
             ... wielding a +1 heavy halberd
              (24 damage)
             ... on level 11 of the Dungeon.
             The game lasted 00:05:06 (9939 turns).

qw the Marksgargoyle (Gargoyle Hunter)              Turns: 9939, Time: 00:05:06

Health: -5/72      AC: 15    Str: 15    XL:     11   Next: 97%
Magic:  14/14      EV: 22    Int: 10    God:    Okawaru [***...]
Gold:   677        SH:  5    Dex: 17    Spells: 10/10 levels left

rFire   . . .        Y - +1 orcbow
rCold   . . .        (shield currently unavailable)
rNeg    + . .        o - +0 troll leather armour
rPois   inf          e - +0 helmet
rElec   +            (no cloak)
rCorr   .            c - +0 pair of gloves
SInv    +            (no boots)
Will    .....        d - amulet of reflection
Stlth   +++          h - ring of see invisible
HPRegen 1.12/turn    n - +5 ring of evasion
MPRegen 0.14/turn

%: reflection
@: about to teleport, heroic
A: sickness immunity, AC +8, negative energy resistance 1, electricity
resistance, torment resistance 1, petrification resistance
a: Renounce Religion, Heroism


You were on level 11 of the Dungeon.
You worshipped Okawaru.
Okawaru was most pleased with you.
You visited 2 branches of the dungeon, and saw 12 of its levels.

You collected 677 gold pieces.


Innate Abilities, Weirdness & Mutations

You are immune to sickness and miasma.
Your stone body is resilient. (AC +8)
You are immune to poison.
You resist negative energy. (rN+)
You are resistant to electric shocks. (rElec)
You are resistant to unholy torment.
You are immune to petrification.


   Skills:
 - Level 10.2(15.2) Fighting
 - Level 15.1(20.1) Ranged Weapons
 - Level 4.0(9.0) Armour
 + Level 4.4(9.4) Dodging
 - Level 1.1(6.1) Stealth
 - Level 4.0 Invocations


You had 10 spell levels left.
You didn't know any spells.
Your spell library was empty.

Inventory:

Hand Weapons
 Y - a +1 orcbow (weapon)
Armour
 c - a +0 pair of gloves (worn)
 e - a +0 helmet (worn)
 o - a +0 troll leather armour (worn)
Jewellery
 a - a ring of fire
 d - an amulet of reflection (around neck)
 h - a ring of see invisible (left hand)
 l - a ring of ice
 n - a +5 ring of evasion (right hand)
Scrolls
 b - 5 scrolls of teleportation
 f - 4 scrolls of identify
Potions
 g - 2 potions of haste
 j - 4 potions of curing
 m - a potion of resistance
 r - a potion of might

Dungeon Overview and Level Annotations

Branches:
Dungeon (11/15)            Temple (1/1) D:4            Lair (0/5) D:11
    Orc: D:9-12

Altars:
Ashenzari
Cheibriados
Dithmenos
Elyvilon
Fedhas
Gozag
Hepliaklqana
Kikubaaqudgha
Makhleb
Nemelex Xobeh
Okawaru
Qazlal
Ru
Sif Muna
Trog
Uskayaw
Vehumet
Wu Jian
Xom
Yredelemnul
Zin
The Shining One
Lugonu

Shops:
D:9 :

Portals:
Abyss: D:6

Annotations:
D:6 2 runed translucent doors
D:9 3 runed translucent doors, qw's ghost, journeyman GrFi
D:11 3 runed translucent doors, Buukuwni's ghost, journeyman GrFi; Motwaexy's ghost, journeyman OgHW; Myila's ghost, journeyman GrFi; limozeen581's ghost, journeyman DEHW


Message History

You shoot an arrow.
The arrow hits the skeletal warrior but does no damage.
The skeletal warrior is moderately damaged.
You shoot an arrow. The arrow hits the skeletal warrior.
The skeletal warrior is lightly damaged.
The skeletal warrior barely misses you.
You shoot an arrow.
The arrow hits the skeletal warrior but does no damage.
The skeletal warrior is lightly damaged.
You shoot an arrow.
The arrow barely misses the skeletal warrior.
The arrow hits the skeletal warrior!
The skeletal warrior is heavily damaged.
The skeletal warrior barely misses you.
You block the skeletal warrior's attack.
You shoot an arrow. The arrow hits the skeletal warrior.
The skeletal warrior is lightly damaged.
The skeletal warrior barely misses you.
You shoot an arrow.
The arrow barely misses the skeletal warrior.
The arrow hits the skeletal warrior!
The skeletal warrior is severely damaged.
The skeletal warrior barely misses you.
You shoot an arrow.
The arrow barely misses the skeletal warrior.
The arrow closely misses the skeletal warrior.
The skeletal warrior hits you but does no damage.
You shoot an arrow.
The arrow hits the skeletal warrior but does no damage.
The skeletal warrior is lightly damaged.
The skeletal warrior completely misses you.
The skeletal warrior hits you but does no damage.
You shoot an arrow. The arrow hits the skeletal warrior!
The skeletal warrior is heavily damaged.
The skeletal warrior hits you with a +0 short sword!
9939 ||| READING 6 scrolls of teleportation.
As you read the scroll of teleportation, it crumbles to dust.
You feel strangely unstable.
The skeletal warrior hits you from afar with a +1 heavy halberd!!
You die...

##.# #...# #.%# #.~.#
####%##### ##+#...#
#.......># ...#~_~#
#........### ...#
#..........### .O.####
#........#...# .......
#........###.#####.......
########## #....@zz......
#######z...... #######


You could see 3 skeletal warriors.

Vanquished Creatures
  Josephine (D:11)
  Fannar (D:9)
  A centaur warrior (D:11)
  3 two-headed ogres
  Pikel (D:6)
  2 ugly things
  An oklob plant (D:11)
  4 trolls (D:10)
  Grinder (D:4)
  5 wraiths
  A wyvern (D:9)
  4 yaks (D:10)
  4 vampire mosquitoes
  Menkaure (D:4)
  An acid dragon (D:8)
  2 water moccasins
  3 sky beasts (D:8)
  3 black bears
  3 orc warriors
  8 centaurs
  4 phantoms
  3 bullfrogs
  2 kobold brigands
  A gnoll sergeant (D:6)
  4 scorpions
  5 wights (D:6)
  3 howler monkeys
  A lava snake (D:8)
  3 hounds
  3 jellies
  2 gnoll boudas
  4 orc priests
  An iguana (D:6)
  5 sleepcaps
  15 orc wizards
  An ogre zombie (D:11)
  16 gnolls
  11 adders
  A shadow imp (D:5)
  A white imp (D:6)
  An ufetubus (D:5)
  3 worms
  6 dart slugs
  34 orcs
  A bat (D:2)
  5 endoplasms
  6 giant cockroaches
  11 goblins
  6 hobgoblins
  5 jackals
  2 quokkas
  5 ball pythons
  2 frilled lizards (D:1)
  2 goblin skeletons (D:11)
  17 kobolds
  2 orc zombies (D:11)
  7 rats
251 creatures vanquished.

Notes
Turn   | Place    | Note
-------+----------+-------------------------------------------
     0 | D:1      | qw the Gargoyle Hunter began the quest for the Orb.
     0 | D:1      | Reached XP level 1. HP: 12/12 MP: 1/1
     0 | D:1      | 0 ||| qw: Version: 0.3-a-76-g4403597
     0 | D:1      | 0 ||| qw: Game counter: 931
     0 | D:1      | 0 ||| qw: Melee chars always use a shield: true
     0 | D:1      | 0 ||| qw: God list: Okawaru
     0 | D:1      | 0 ||| qw: Allow faded altars: false
     0 | D:1      | 0 ||| qw: Do Orc after clearing Dungeon:15 true
     0 | D:1      | 0 ||| qw: Do second Lair branch before Depths: true
     0 | D:1      | 0 ||| qw: Lair rune preference: random
     0 | D:1      | 0 ||| qw: Goals: Normal
     0 | D:1      | 0 ||| PLANNING D:1-11
   190 | D:1      | Reached XP level 2. HP: 17/17 MP: 2/2
   410 | D:1      | 410 ||| DROPPING +3 sling.
   646 | D:1      | 646 ||| UPGRADING to +0 ring mail.
   656 | D:1      | 656 ||| DROPPING +0 leather armour.
   657 | D:1      | 657 ||| READING scroll labelled FIFIWUE EZXIT.
   658 | D:1      | 658 ||| READING 2 scrolls labelled IFYCIM WOOMALOKLE.
   659 | D:1      | 659 ||| READING scroll labelled QYLUKI IPNUORU.
   660 | D:1      | 660 ||| DROPPING scroll of butterflies.
   705 | D:2      | 705 ||| FLEEEEING.
   706 | D:2      | 706 ||| STAIRDANCE
   718 | D:2      | Reached XP level 3. HP: 21/21 MP: 3/3
   779 | D:2      | Reached skill level 1 in Armour
   828 | D:2      | Reached skill level 5 in Ranged Weapons
   864 | D:2      | Found a glowing silver altar of Zin.
  1043 | D:2      | Reached skill level 3 in Fighting
  1043 | D:2      | Reached XP level 4. HP: 28/28 MP: 4/4
  1248 | D:2      | 1248 ||| Stepping ~*~*~tactically~*~*~ (outnumbered).
  1251 | D:2      | 1251 ||| Stepping ~*~*~tactically~*~*~ (outnumbered).
  1253 | D:2      | 1253 ||| Stepping ~*~*~tactically~*~*~ (outnumbered).
  1348 | D:2      | 1348 ||| READING scroll labelled XUAXEB VOSTRANU.
  1349 | D:2      | 1349 ||| READING scroll labelled BICROJ LUQAYGH.
  1353 | D:2      | 1353 ||| READING scroll labelled KAMPYE ASTRAPP.
  1354 | D:2      | 1354 ||| READING 3 scrolls of identify.
  1354 | D:2      | 1354 ||| IDENTIFYING yellow potion
  1355 | D:2      | 1355 ||| READING 2 scrolls of identify.
  1355 | D:2      | 1355 ||| IDENTIFYING white potion
  1356 | D:2      | 1356 ||| DROPPING potion of attraction.
  1513 | D:3      | Reached XP level 5. HP: 32/32 MP: 5/5
  1746 | D:3      | HP: 7/32 [something (4)]
  1753 | D:3      | HP: 7/32 [something/puff of flame (2)]
  1758 | D:3      | HP: 7/32 [something (2)]
  1763 | D:3      | Reached skill level 6 in Ranged Weapons
  2402 | D:3      | 2402 ||| UPGRADING to +0 helmet.
  2407 | D:3      | 2407 ||| READING scroll labelled EMETE PYOP.
  2408 | D:3      | 2408 ||| DRINKING 2 bubbling emerald potions.
  2452 | D:3      | 2452 ||| DROPPING potion of lignification.
  2490 | D:4      | Noticed a phantom
  2504 | D:4      | 2504 ||| Stepping ~*~*~tactically~*~*~ (retreating).
  2505 | D:4      | 2505 ||| Stepping ~*~*~tactically~*~*~ (retreating).
  2506 | D:4      | 2506 ||| Stepping ~*~*~tactically~*~*~ (retreating).
  2507 | D:4      | 2507 ||| Stepping ~*~*~tactically~*~*~ (retreating).
  2508 | D:4      | 2508 ||| Stepping ~*~*~tactically~*~*~ (retreating).
  2509 | D:4      | 2509 ||| Stepping ~*~*~tactically~*~*~ (retreating).
  2510 | D:4      | 2510 ||| Stepping ~*~*~tactically~*~*~ (retreating).
  2515 | D:4      | 2515 ||| Stepping ~*~*~tactically~*~*~ (retreating).
  2516 | D:4      | 2516 ||| Stepping ~*~*~tactically~*~*~ (retreating).
  2517 | D:4      | 2517 ||| Stepping ~*~*~tactically~*~*~ (retreating).
  2518 | D:4      | 2518 ||| Stepping ~*~*~tactically~*~*~ (retreating).
  2519 | D:4      | 2519 ||| Stepping ~*~*~tactically~*~*~ (retreating).
  2520 | D:4      | 2520 ||| Stepping ~*~*~tactically~*~*~ (retreating).
  2525 | D:4      | Killed a phantom
  2526 | D:4      | Reached XP level 6. HP: 27/39 MP: 6/6
  2552 | D:4      | Noticed Menkaure
  2558 | D:4      | Killed Menkaure
  2657 | D:4      | Reached skill level 7 in Ranged Weapons
  2657 | D:4      | Reached XP level 7. HP: 44/44 MP: 7/7
  2664 | D:4      | Found a staircase to the Ecumenical Temple.
  2666 | D:4      | 2666 ||| PLANNING TEMPLE
  2678 | Temple   | Entered the Ecumenical Temple
  2679 | Temple   | 2679 ||| PLANNING OKAWARU WORSHIP
  2701 | Temple   | Became a worshipper of Warmaster Okawaru
  2702 | Temple   | 2702 ||| PLANNING D:1-11
  2806 | D:4      | Noticed Grinder
  2823 | D:4      | Paralysed by Grinder for 3 turns
  2829 | D:4      | Killed Grinder
  2830 | D:4      | Reached skill level 8 in Ranged Weapons
  3217 | D:4      | 3217 ||| DRINKING 3 potions of curing.
  3217 | D:4      | 3217 ||| (to cure confusion)
  3237 | D:4      | 3237 ||| DRINKING 2 potions of curing.
  3237 | D:4      | 3237 ||| (to cure confusion)
  3239 | D:4      | 3239 ||| DRINKING potion of curing.
  3239 | D:4      | 3239 ||| (to cure confusion)
  3467 | D:4      | 3467 ||| UPGRADING to +0 pair of gloves.
  3524 | D:5      | Entered Level 5 of the Dungeon
  3639 | D:5      | Reached XP level 8. HP: 49/49 MP: 8/8
  3695 | D:5      | 3695 ||| Stepping ~*~*~tactically~*~*~ (outnumbered).
  3696 | D:5      | 3696 ||| Stepping ~*~*~tactically~*~*~ (outnumbered).
  3697 | D:5      | 3697 ||| Stepping ~*~*~tactically~*~*~ (outnumbered).
  3708 | D:5      | Reached * piety under Okawaru
  3709 | D:5      | 3709 ||| INVOKING Heroism.
  3721 | D:5      | 3721 ||| INVOKING Heroism.
  3796 | D:5      | 3796 ||| SWAPPING to +0 orcbow.
  3803 | D:5      | 3803 ||| DROPPING +1 shortbow.
  3853 | D:5      | Reached skill level 9 in Ranged Weapons
  3951 | D:5      | Reached skill level 1 in Invocations
  4093 | D:5      | 4093 ||| INVOKING Heroism.
  4127 | D:5      | 4127 ||| UPGRADING to ring of see invisible.
  4128 | D:5      | 4128 ||| READING scroll labelled CADIHE KESE.
  4129 | D:5      | 4129 ||| READING scroll labelled LAMEXI YVOGEOM.
  4130 | D:5      | 4130 ||| READING 5 scrolls of identify.
  4130 | D:5      | 4130 ||| IDENTIFYING sedimented coppery potion
  4131 | D:5      | 4131 ||| READING 4 scrolls of identify.
  4131 | D:5      | 4131 ||| IDENTIFYING ruby potion
  4132 | D:5      | 4132 ||| DROPPING potion of berserk rage.
  4175 | D:6      | 4175 ||| STAIRDANCE
  4191 | D:6      | 4191 ||| Stepping ~*~*~tactically~*~*~ (retreating).
  4192 | D:6      | 4192 ||| Stepping ~*~*~tactically~*~*~ (retreating).
  4194 | D:6      | 4194 ||| Stepping ~*~*~tactically~*~*~ (retreating).
  4202 | D:6      | 4202 ||| INVOKING Heroism.
  4209 | D:6      | Reached skill level 6 in Fighting
  4209 | D:6      | Reached skill level 3 in Invocations
  4216 | D:6      | 4216 ||| INVOKING Heroism.
  4323 | D:6      | Found a large runed translucent door.
  4323 | D:6      | Found a large runed translucent door.
  4324 | D:6      | Found a corrupted altar of Lugonu.
  4348 | D:6      | Found a one-way gate to the infinite horrors of the Abyss.
  4351 | D:6      | 4351 ||| RETREATING.
  4353 | D:6      | Noticed Pikel
  4355 | D:6      | 4355 ||| INVOKING Heroism.
  4369 | D:6      | Killed Pikel
  4370 | D:6      | Reached skill level 10 in Ranged Weapons
  4370 | D:6      | Reached XP level 9. HP: 45/55 MP: 9/11
  4423 | D:6      | 4423 ||| Stepping ~*~*~tactically~*~*~ (outnumbered).
  4426 | D:6      | 4426 ||| INVOKING Heroism.
  4430 | D:6      | Reached skill level 3 in Armour
  4514 | D:6      | Found a sparkling altar of Nemelex Xobeh.
  4647 | D:6      | 4647 ||| FLEEEEING.
  4648 | D:6      | 4648 ||| INVOKING Heroism.
  4794 | D:6      | 4794 ||| INVOKING Heroism.
  4917 | D:6      | 4917 ||| RETREATING.
  4927 | D:6      | 4927 ||| INVOKING Heroism.
  5116 | D:6      | Found a shadowy altar of Dithmenos.
  5296 | D:6      | 5296 ||| UPGRADING to +0 ring mail of cold resistance.
  5306 | D:6      | 5306 ||| DROPPING +0 ring mail.
  5307 | D:6      | 5307 ||| READING 4 scrolls of identify.
  5307 | D:6      | 5307 ||| IDENTIFYING red potion
  5369 | D:7      | 5369 ||| Stepping ~*~*~tactically~*~*~ (outnumbered).
  5457 | D:7      | 5457 ||| INVOKING Heroism.
  5516 | D:7      | Noticed a two-headed ogre
  5517 | D:7      | 5517 ||| INVOKING Heroism.
  5531 | D:7      | Killed a two-headed ogre
  5531 | D:7      | Reached ** piety under Okawaru
  5532 | D:7      | Reached skill level 11 in Ranged Weapons
  5532 | D:7      | Reached XP level 10. HP: 17/63 MP: 11/13
  5710 | D:7      | 5710 ||| Stepping ~*~*~tactically~*~*~ (outnumbered).
  5714 | D:7      | 5714 ||| Stepping ~*~*~tactically~*~*~ (outnumbered).
  5717 | D:7      | 5717 ||| INVOKING Heroism.
  5733 | D:7      | Reached skill level 3 in Dodging
  6276 | D:7      | Found an opulent altar of Gozag.
  6470 | D:7      | 6470 ||| DROPPING +6 ring of intelligence.
  6471 | D:7      | 6471 ||| READING 3 scrolls of identify.
  6471 | D:7      | 6471 ||| IDENTIFYING pink potion
  6756 | D:8      | 6756 ||| INVOKING Heroism.
  6774 | D:8      | 6774 ||| INVOKING Heroism.
  6779 | D:8      | Reached skill level 12 in Ranged Weapons
  6867 | D:8      | Found a sacrificial altar of Ru.
  6897 | D:8      | Found a shimmering blue altar of Sif Muna.
  7032 | D:8      | 7032 ||| Stepping ~*~*~tactically~*~*~ (retreating).
  7072 | D:8      | 7072 ||| INVOKING Heroism.
  7089 | D:8      | 7089 ||| INVOKING Heroism.
  7116 | D:8      | Noticed a brown ugly thing
  7119 | D:8      | 7119 ||| INVOKING Heroism.
  7135 | D:8      | Killed a brown ugly thing
  7135 | D:8      | Noticed a manticore
  7138 | D:8      | HP: 12/64 [manticore (5)]
  7139 | D:8      | 7139 ||| READING 4 scrolls of teleportation.
  7139 | D:8      | HP: 2/64 [manticore (9)]
  7140 | D:8      | 7140 ||| DRINKING 2 potions of heal wounds.
  7141 | D:8      | 7141 ||| INVOKING Heroism.
  7142 | D:8      | 7142 ||| DRINKING potion of heal wounds.
  7405 | D:8      | 7405 ||| FLEEEEING.
  7406 | D:8      | 7406 ||| FLEEEEING.
  7407 | D:8      | 7407 ||| INVOKING Heroism.
  7431 | D:8      | 7431 ||| INVOKING Heroism.
  7470 | D:8      | 7470 ||| FLEEEEING.
  7737 | D:8      | 7737 ||| UPGRADING to amulet of reflection.
  7742 | D:8      | 7742 ||| DROPPING ring of see invisible.
  7743 | D:8      | 7743 ||| UPGRADING to +5 ring of evasion.
  7769 | D:9      | Reached skill level 13 in Ranged Weapons
  7944 | D:9      | Found a runed translucent gate.
  7944 | D:9      | Found a runed translucent gate.
  7944 | D:9      | Found a runed translucent gate.
  7953 | D:9      | Found Roneirph's Book Shoppe.
  7979 | D:9      | Noticed qw's ghost (journeyman GrFi)
  8000 | D:9      | 8000 ||| READING scroll of enchant weapon.
  8000 | D:9      | 8000 ||| ENCHANTING +0 orcbow.
  8012 | D:9      | Found a radiant altar of Vehumet.
  8154 | D:9      | Noticed a two-headed ogre
  8155 | D:9      | 8155 ||| INVOKING Heroism.
  8161 | D:9      | Killed a two-headed ogre
  8162 | D:9      | Reached skill level 9 in Fighting
  8206 | D:9      | 8206 ||| DROPPING ring of magical power.
  8207 | D:9      | 8207 ||| READING scroll labelled XAT LALALAUCI.
  8208 | D:9      | 8208 ||| READING scroll labelled NIRGHY ALODOIT.
  8209 | D:9      | 8209 ||| DRINKING 3 sedimented green potions.
  8210 | D:9      | 8210 ||| READING 3 scrolls of identify.
  8210 | D:9      | 8210 ||| IDENTIFYING fizzy blue potion
  8211 | D:9      | 8211 ||| DROPPING 2 potions of degeneration.
  8226 | D:10     | Entered Level 10 of the Dungeon
  8229 | D:10     | 8229 ||| Stepping ~*~*~tactically~*~*~ (outnumbered).
  8235 | D:10     | 8235 ||| STAIRDANCE
  8261 | D:10     | 8261 ||| STAIRDANCE
  8382 | D:10     | 8382 ||| INVOKING Heroism.
  8388 | D:10     | Reached XP level 11. HP: 71/71 MP: 11/14
  8481 | D:10     | Noticed Fannar
  8493 | D:10     | 8493 ||| Stepping ~*~*~tactically~*~*~ (retreating).
  8494 | D:10     | 8494 ||| Stepping ~*~*~tactically~*~*~ (retreating).
  8495 | D:10     | 8495 ||| Stepping ~*~*~tactically~*~*~ (retreating).
  8496 | D:10     | 8496 ||| Stepping ~*~*~tactically~*~*~ (retreating).
  8497 | D:10     | 8497 ||| STAIRDANCE
  8503 | D:9      | 8503 ||| INVOKING Heroism.
  8514 | D:9      | Killed Fannar
  8738 | D:10     | 8738 ||| INVOKING Heroism.
  8841 | D:10     | 8841 ||| INVOKING Heroism.
  8915 | D:10     | 8915 ||| Stepping ~*~*~tactically~*~*~ (retreating).
  8929 | D:10     | 8929 ||| Stepping ~*~*~tactically~*~*~ (retreating).
  8930 | D:10     | 8930 ||| Stepping ~*~*~tactically~*~*~ (retreating).
  8931 | D:10     | 8931 ||| Stepping ~*~*~tactically~*~*~ (retreating).
  8941 | D:10     | Reached skill level 14 in Ranged Weapons
  8950 | D:10     | 8950 ||| INVOKING Heroism.
  9185 | D:10     | 9185 ||| INVOKING Heroism.
  9364 | D:10     | 9364 ||| DROPPING +0 acid dragon scales.
  9365 | D:10     | 9365 ||| UPGRADING to +0 troll leather armour.
  9375 | D:10     | 9375 ||| DROPPING +0 ring mail of cold resistance.
  9399 | D:11     | 9399 ||| STAIRDANCE
  9452 | D:11     | Found a staircase to the Lair.
  9452 | D:11     | Noticed an oklob plant
  9453 | D:11     | 9453 ||| INVOKING Heroism.
  9471 | D:11     | 9471 ||| INVOKING Heroism.
  9497 | D:11     | 9497 ||| INVOKING Heroism.
  9506 | D:11     | Noticed Josephine
  9507 | D:11     | 9507 ||| RETREATING.
  9515 | D:11     | 9515 ||| Stepping ~*~*~tactically~*~*~ (retreating).
  9516 | D:11     | 9516 ||| INVOKING Heroism.
  9528 | D:11     | Killed Josephine
  9533 | D:11     | 9533 ||| INVOKING Heroism.
  9571 | D:11     | 9571 ||| INVOKING Heroism.
  9579 | D:11     | Killed an oklob plant
  9596 | D:11     | 9596 ||| FLEEEEING.
  9597 | D:11     | 9597 ||| FLEEEEING.
  9598 | D:11     | 9598 ||| FLEEEEING.
  9599 | D:11     | 9599 ||| FLEEEEING.
  9600 | D:11     | 9600 ||| FLEEEEING.
  9601 | D:11     | 9601 ||| FLEEEEING.
  9602 | D:11     | 9602 ||| FLEEEEING.
  9667 | D:11     | Found a sacrificial altar of Ru.
  9763 | D:11     | Noticed a centaur warrior
  9764 | D:11     | 9764 ||| Stepping ~*~*~tactically~*~*~ (outnumbered).
  9766 | D:11     | 9766 ||| Stepping ~*~*~tactically~*~*~ (outnumbered).
  9768 | D:11     | 9768 ||| Stepping ~*~*~tactically~*~*~ (outnumbered).
  9770 | D:11     | 9770 ||| INVOKING Heroism.
  9771 | D:11     | 9771 ||| Stepping ~*~*~tactically~*~*~ (outnumbered).
  9775 | D:11     | 9775 ||| Stepping ~*~*~tactically~*~*~ (outnumbered).
  9777 | D:11     | Killed a centaur warrior
  9791 | D:11     | Reached *** piety under Okawaru
  9816 | D:11     | Found a runed translucent gate.
  9817 | D:11     | Found a runed translucent gate.
  9819 | D:11     | Found a runed translucent gate.
  9822 | D:11     | Noticed Buukuwni's ghost (journeyman GrFi)
  9822 | D:11     | Noticed limozeen581's ghost (journeyman DEHW)
  9822 | D:11     | Noticed Myila's ghost (journeyman GrFi)
  9822 | D:11     | Noticed Motwaexy's ghost (journeyman OgHW)
  9908 | D:11     | Noticed a two-headed ogre
  9908 | D:11     | Noticed a white ugly thing
  9909 | D:11     | 9909 ||| RETREATING.
  9910 | D:11     | 9910 ||| INVOKING Heroism.
  9912 | D:11     | Noticed a skeletal warrior
  9915 | D:11     | Noticed a skeletal warrior
  9916 | D:11     | Noticed a skeletal warrior
  9918 | D:11     | Killed a two-headed ogre
  9919 | D:11     | Reached skill level 15 in Ranged Weapons
  9925 | D:11     | Killed a white ugly thing
  9938 | D:11     | HP: 18/72 [skeletal warrior/+0 short sword (10)]
  9939 | D:11     | 9939 ||| READING 6 scrolls of teleportation.
  9939 | D:11     | Slain by a skeletal warrior

Levels and vault maps discovered:
D:1:      dpeg_arrival_simpleton_c, layout_basic
D:2:      layout_loops_cross, basic_altar, item_on_display_a
D:3:      layout_loops_corners
D:4:      layout_cave_pods, minmay_temple_entry_glass, reono_crystal_passage,
          minmay_misc_feat_diagonals, nicolae_letterblocks
          [nicolae_letter_subblock, nicolae_letter_subblock,
          nicolae_letter_subblock, nicolae_letter_subblock,
          nicolae_letter_subblock, nicolae_letter_subblock,
          nicolae_letter_subblock, nicolae_letter_subblock,
          nicolae_letter_subblock, nicolae_letter_subblock,
          nicolae_letter_subblock, nicolae_letter_subblock,
          nicolae_letter_subblock, nicolae_letter_subblock,
          nicolae_letter_subblock, nicolae_letter_subblock,
          nicolae_letter_subblock, nicolae_letter_subblock,
          nicolae_letter_subblock, nicolae_letter_subblock,
          nicolae_letter_subblock, nicolae_letter_subblock,
          nicolae_letter_subblock, nicolae_letter_subblock,
          nicolae_letter_subblock], uniq_grinder, uniq_menkaure
D:5:      layout_rooms
D:6:      due_chaos_kobolds, layout_basic, mainiacjoe_overflow_alcove_4,
          mainiacjoe_overflow_24_doors, uniq_pikel
D:7:      layout_gridville, grunt_gozag_breadcrumbs
D:8:      layout_basic, minitemple, kennysheep_donut, minmay_pinched_square
D:9:      layout_rooms, nicolae_vehumet_altar_sigil, serial_shops, shop,
          gammafunk_ghost_icy
D:10:     layout_stronghold, kennysheep_decorative_pillar, uniq_fannar
D:11:     layout_roguey, dpeg_oklobed_lair, zombieorc1_lemuel,
          gammafunk_ghost_cemetery, nicolae_ru_path_of_blood, uniq_josephine,
          uniq_urug
Temple:   nicolae_temple_elliptical

Skill      XL: |  1  2  3  4  5  6  7  8  9 10 11 |
---------------+----------------------------------+-----
Armour         | 1 2 3 4 |  4.0
Ranged Weapons | 5 6 7 8 10 11 13 15 | 15.1
Fighting       | 3 4 5 6 7 9 10 | 10.2
Dodging        | 2 3 4 |  4.4
Invocations    | 3 4 |  4.0
Stealth        | |  1.1

Action                     |  1- 3 |  4- 6 |  7- 9 | 10-12 || total
---------------------------+-------+-------+-------+-------++-------
   Fire: Shortbow          |    92 |   167 |   119 |       ||   378
         Orcbow            |       |       |   256 |   648 ||   904
 Invoke: Heroism           |       |       |    12 |    24 ||    36
    Use: Scroll            |     3 |     6 |     5 |     7 ||    21
         Potion            |       |     1 |     3 |     3 ||     7
 Armour: Ring mail         |    11 |    94 |   250 |   170 ||   525
         Leather armour    |     3 |       |       |       ||     3
         Troll leather arm |       |       |       |    60 ||    60
  Dodge: Dodged            |    13 |    53 |   186 |   291 ||   543
  Block: Other             |       |       |       |    42 ||    42
         Reflection        |       |       |       |     4 ||     4

Table legend:
 A = Non-vault XP
 B = Vault XP
 C = Vault XP percentage of total XP
 D = Non-vault monster count
 E = Vault monster count
 F = Vault count percentage of total count
                 A         B        C        D         E       F
            +---------+---------+-------+---------+---------+-------
      Total |   12202 |    5908 |  32.6 |     223 |      28 |  11.2
            +---------+---------+-------+---------+---------+-------
        D:1 |      29 |       0 |   0.0 |      19 |       0 |   0.0
        D:2 |     127 |       0 |   0.0 |      25 |       0 |   0.0
        D:3 |      99 |       0 |   0.0 |      19 |       0 |   0.0
        D:4 |     336 |     446 |  57.0 |      23 |       2 |   8.0
        D:5 |     964 |       0 |   0.0 |      24 |       0 |   0.0
        D:6 |     972 |     629 |  39.3 |      26 |       1 |   3.7
        D:7 |    1756 |       0 |   0.0 |      25 |       0 |   0.0
        D:8 |     810 |    1632 |  66.8 |      23 |      13 |  36.1
        D:9 |    1308 |     889 |  40.5 |       7 |       1 |  12.5
       D:10 |    2602 |       0 |   0.0 |      22 |       0 |   0.0
       D:11 |    3199 |    2312 |  42.0 |      10 |      11 |  52.4
            +---------+---------+-------+---------+---------+-------
